 Dungeon Crawl Stone Soup version 0.29.1-2-gbd0b4ee654 (webtiles) character file.

Game seed: 2502571559275404847

30 tevo3000 the Sneak (level 3, -1/16 HPs)
             Began as a Spriggan Enchanter on Nov 27, 2022.
             Slain by an adder (4 damage)
             ... on level 2 of the Dungeon.
             The game lasted 00:06:07 (1643 turns).

tevo3000 the Sneak (Spriggan Enchanter)             Turns: 1643, Time: 00:06:07

Health: -1/16      AC:  2    Str:  4    XL:     3   Next: 5%
Magic:  8/8        EV: 18    Int: 16    God:
Gold:   124        SH:  0    Dex: 17    Spells: 8/8 levels left

rFire   . . .      SeeInvis +   a - +1 dagger
rCold   . . .      Faith    .   (no shield)
rNeg    . . .      Spirit   .   b - +0 robe
rPois   .          Reflect  .   (helmet restricted)
rElec   .          Harm     .   (no cloak)
rCorr   .          Rampage  .   (gloves unavailable)
Will    .....                   (boots unavailable)
Stlth   +++.......              (no amulet)
HPRegen 0.05/turn               (no ring)
MPRegen 0.11/turn               (no ring)

@: lethally poisoned (-1 -> -3), very quick
A: very small, no large weapons, unfitting armour, see invisible, speed 3
a: no special abilities


You were on level 2 of the Dungeon.
You visited 1 branch of the dungeon, and saw 2 of its levels.

You collected 124 gold pieces.

Inventory:

Hand Weapons
 a - a +1 dagger (weapon)
Armour
 b - a +0 robe (worn)
Jewellery
 e - a ring of fire
Scrolls
 d - a scroll of fear {unknown}
 f - a scroll of silence {unknown}
Potions
 c - a potion of invisibility


   Skills:
 * Level 2.0 Short Blades
 + Level 3.0 Dodging
 * Level 5.2 Stealth
 + Level 3.0 Spellcasting
 + Level 3.8 Hexes


You had 8 spell levels left.
You didn't know any spells.
Your spell library contained the following spells:

 Spells                   Type           Power      Damage    Failure   Level
 Confusing Touch          Hex            14%        N/A       12%         3
 Tukima's Dance           Hex            14%        N/A       12%         3
 Ensorcelled Hibernation  Hex/Ice        16%        N/A       13%         2
 Dazzling Flash           Conj/Hex       16%        N/A       26%         3


Dungeon Overview and Level Annotations

Branches:
Dungeon (2/15)

Altars:


Innate Abilities, Weirdness & Mutations

You are very small and have problems with some larger weapons.
You are too small for most types of armour.
You have supernaturally acute eyesight. (SInv)
You cover ground extremely quickly. (Speed+++)


Message History

You miss the adder.
You feel sick. The adder closely misses you. The adder barely misses you.
You feel sick.
You feel sick.
There is a stone staircase leading up here.
You feel better. The adder barely misses you.
A ball python comes into view.
Found a leather armour.
Found an escape hatch in the floor.
Found 3 gold pieces.
You see here a +0 leather armour.
You see here 3 gold pieces.
You now have 124 gold pieces (gained 3).
A hobgoblin comes into view.
The helpless hobgoblin fails to defend itself.
You impale the hobgoblin!!
You kill the hobgoblin!
You see here a hobgoblin corpse.
The adder barely misses you.
You closely miss the adder. The adder bites you.
You closely miss the adder. The adder bites you.
You hit the adder but do no damage. The adder barely misses you.
The adder misses you.
You miss the adder. The adder bites you.
You are poisoned.
The adder poisons you!
You hit the adder.
The adder is lightly wounded.
You feel sick. The adder completely misses you.
You miss the adder.
The adder is lightly wounded.
You feel sick. The adder closely misses you.
You hit the adder.
The adder is heavily wounded.
* * * LOW HITPOINT WARNING * * *
You feel sick. The adder closely misses you.
You hit the adder.
The adder is almost dead.
* * * LOW HITPOINT WARNING * * *
You feel sick. The adder bites you.
You die...

#######.#........##..##
#<#...........S.
###.#........##..# #
#......<.....##.>#.###
#>#.#...S.S..##... ..
#.#.#.######S##.##.#
......#### #.......#
.#.......†# ####.##.##
.##.)...##@# #[#...##
#.
#.....##S######......##
###.####..............#
..# #######.........
##.......# ##.....##
#...## #.## .#


You could see an adder.

Vanquished Creatures
  A dart slug (D:1)
  5 ball pythons (D:1)
  An endoplasm (D:1)
  6 goblins (D:1)
  2 hobgoblins
  4 kobolds
  A quokka (D:1)
  3 bats (D:1)
  2 rats (D:1)
25 creatures vanquished.

Vanquished Creatures (others)
  A plant (D:1)
1 creature vanquished.

Grand Total: 26 creatures vanquished

Notes
Turn   | Place    | Note
-------+----------+-------------------------------------------
     0 | D:1      | tevo3000 the Spriggan Enchanter began the quest for the
                  | Orb.
     0 | D:1      | Reached XP level 1. HP: 9/9 MP: 5/5
   311 | D:1      | Reached XP level 2. HP: 5/13 MP: 6/6
   350 | D:1      | Found a faded altar of an unknown god.
   429 | D:1      | Reached skill level 5 in Stealth
  1409 | D:1      | Reached XP level 3. HP: 16/16 MP: 8/8
  1643 | D:2      | Slain by an adder

Illustrated notes

Levels and vault maps discovered:
D:1:      saegor_arrival_under_anarchy, layout_loops_ring, serial_forest,
          infiniplex_forest_lined_3, infiniplex_forest_lined_room_2,
          infiniplex_forest_straight_1, infiniplex_forest_clump_medium,
          infiniplex_forest_clump_double, hellmonk_ecumenical_altar_lost_god,
          minmay_misc_feat_iff
D:2:      layout_loops_cross, minmay_tall_x

Skill      XL: |  1  2 |
---------------+-------+-----
Stealth        | 5 |  5.2
Dodging        | 3 |  3.0
Spellcasting   | 3 |  3.0
Short Blades   | 2 |  2.0
Hexes          | |  3.8

Action                   || total
-------------------------++-------
Melee: Dagger            ||    91
  Use: Potion            ||     4
 Stab: Sleeping          ||     5
       Invisible         ||     1
Armor: Robe              ||    12
Dodge: Dodged            ||    94
